 Dungeon Crawl Stone Soup version 0.31-a0-1447-g87ca8d402b (webtiles) character file.

Game seed: 10115215788369477064

676 gruber the Destroyer (level 7, -2/36 HPs)
             Began as a Deep Elf Conjurer on Dec 27, 2023.
             Was a Follower of Vehumet.
             Slain by a gnoll
             ... wielding a +0 halberd
             ... led by a gnoll bouda
              (7 damage)
             ... on level 5 of the Dungeon.
             The game lasted 00:03:57 (4885 turns).

gruber the Destroyer (Deep Elf Conjurer)            Turns: 4885, Time: 00:03:58

Health: -2/36      AC:  2    Str:  4    XL:     7   Next: 33%
Magic:  2/13       EV: 12    Int: 25    God:    Vehumet [*.....]
Gold:   229        SH:  0    Dex: 13    Spells: 5/12 levels left

rFire   . . .        g - +2 trident (protect)
rCold   . . .        (no shield)
rNeg    . . .        a - +0 robe
rPois   .            (no helmet)
rElec   .            (no cloak)
rCorr   .            (no gloves)
SInv    .            (no boots)
Will    .....        (no amulet)
Stlth   ++           m - ring of wizardry
HPRegen 0.26/turn    (no ring)
MPRegen 0.13/turn

%: wizardry (x1)
@: very slightly contaminated
A: no striking features
a: Renounce Religion


You were on level 5 of the Dungeon.
You worshipped Vehumet.
Vehumet was aware of your devotion.
You visited 2 branches of the dungeon, and saw 6 of its levels.

You collected 229 gold pieces.

Inventory:

Hand Weapons
 g - a +2 trident of protection (weapon)
Armour
 a - a +0 robe (worn)
Jewellery
 m - a ring of wizardry (left hand)
Scrolls
 f - 2 scrolls of poison {unknown}
 h - a scroll of blinking {unknown}
 k - 2 scrolls of vulnerability {unknown}
 n - 4 scrolls of identify {unknown}
 o - a scroll of brand weapon {unknown}
 p - a scroll of revelation {unknown}
 q - a scroll of enchant armour {unknown}
 r - a scroll of torment {unknown}
 s - a scroll of teleportation {unknown}
 t - a scroll of fear {unknown}
Potions
 b - 2 potions of magic
 c - 4 potions of mutation {unknown}
 d - a potion of brilliance {unknown}
 e - 2 potions of degeneration {unknown}
 i - 4 potions of enlightenment {unknown}
 j - 3 potions of ambrosia {unknown}
 l - a potion of curing {unknown}
 u - a potion of attraction {unknown}


   Skills:
 - Level 2.4 Dodging
 - Level 2.4 Stealth
 - Level 3.0 Spellcasting
 + Level 9.9 Conjurations


You had 5 spell levels left.
You knew the following spells:

 Your Spells              Type           Power      Damage    Failure   Level
a - Magic Dart            Conj           100%       1d8       1%          1
b - Searing Ray           Conj           100%       2d8       1%          2
c - Iskenderun's Mystic   Conj/Tloc      28%        2d7       5%          4

Your spell library contained the following spells:

 Spells                   Type           Power      Damage    Failure   Level
 Freeze                   Ice            12%        1d3       4%          1
 Sting                    Conj/Alch      100%       1d9       1%          1
 Dazzling Flash           Conj/Hex       56%        N/A       1%          3
 Mephitic Cloud           Conj/Alch/Air  20%        N/A       3%          3
 Slow                     Hex            12%        N/A       4%          1
 Fulminant Prism          Conj/Alch      14%        3d9       5%          4
 Mercury Vapours          Alch/Air       6%         N/A       6%          2
 Confusing Touch          Hex            3%         N/A       12%         3
 Sigil of Binding         Hex            3%         N/A       12%         3
 Vampiric Draining        Necr           3%         2d6       12%         3
 Olgreb's Toxic Radiance  Alch           3%         N/A       36%         4
 Curse of Agony           Necr           3%         N/A       69%         5
 Silence                  Hex/Air        1%         N/A       69%         5


Dungeon Overview and Level Annotations

Branches:
Dungeon (5/15)             Temple (1/1) D:4

Altars:
Ashenzari
Dithmenos
Elyvilon
Fedhas
Gozag
Hepliaklqana
Kikubaaqudgha
Makhleb
Okawaru
Qazlal
Ru
Sif Muna
Trog
Uskayaw
Vehumet
Yredelemnul
Zin
The Shining One

Shops:
D:4 !   D:5 (


Message History

The gnoll attacks as it pursues you!
The gnoll hits you from afar with a +0 halberd!
Found a club.
The gnoll attacks as it pursues you!
The gnoll hits you from afar with a +0 halberd!
* * * LOW HITPOINT WARNING * * *
Casting: Magic Dart (safe; 1% risk of failure)
Confirm with . or Enter, or press ? or * to list all spells.
Okay, then.
Okay, then.
Unknown command.
Casting: Magic Dart (safe; 1% risk of failure)
Confirm with . or Enter, or press ? or * to list all spells.
You miscast Iskenderun's Mystic Blast.
You are very lightly contaminated with residual magic.
Nothing appears to happen.
Your attacks no longer feel as feeble.
The gnoll is no longer moving quickly.
The gnoll completely misses you.
Unknown command.
Unknown command.
Unknown command.
Unknown command.
Casting: Iskenderun's Mystic Blast (quite dangerous; 5% risk of failure)
Confirm with . or Enter, or press ? or * to list all spells.
You erupt in a blast of force!
The mystic blast hits the gnoll!
The gnoll is almost dead.
The gnoll is knocked back by the mystic blast.
The gnoll collides with the gnoll!
You kill the gnoll!
Vehumet accepts your kill.
The mystic blast hits the gnoll!
You kill the gnoll!
Vehumet accepts your kill.
Unknown command.
Unknown command.
Unknown command.
The gnoll is no longer moving quickly.
The gnoll bouda barks out a call to the hunt!
The gnoll picks up the pace!
The gnoll hits you from afar with a +0 halberd!
You die...

......###...#.....#...####.
.......#.g#[#....#..##.# #.
##....#............###.###.
........gg..###.<..####.#..
.......g?..####..........##
.......g#####...........##
....#..)g...##.#.........##
.....#.....##(#...........#
#<.......@#.#####.........
##.....##..# #.#..####.
#[...####..# #.###.# ##
...... ##..# # #.# ......
#..# #.# #..... #..# #. ..)
..# ..


You could see a gnoll bouda and 2 gnolls.

Vanquished Creatures
  A black bear (D:5)
  A phantom (D:5)
  A scorpion (D:5)
  A bombardier beetle (D:4)
  An orc priest (D:4)
  2 hounds
  An iguana (D:5)
  4 orc wizards
  9 adders
  2 gnolls (D:5)
  A worm (D:2)
  2 dart slugs
  4 orcs
  5 endoplasms
  8 giant cockroaches
  6 goblins
  10 hobgoblins
  8 jackals (D:2)
  5 quokkas
  7 ball pythons
  4 bats (D:1)
  2 frilled lizards (D:1)
  10 kobolds
  5 rats
100 creatures vanquished.

Notes
Turn   | Place    | Note
-------+----------+-------------------------------------------
     0 | D:1      | gruber the Deep Elf Conjurer began the quest for the Orb.
     0 | D:1      | Reached XP level 1. HP: 10/10 MP: 6/6
   241 | D:1      | Reached XP level 2. HP: 15/15 MP: 6/8
   244 | D:1      | Learned a level 2 spell: Searing Ray
   278 | D:1      | Reached skill level 5 in Conjurations
   763 | D:1      | Reached XP level 3. HP: 19/19 MP: 7/9
  1483 | D:2      | Reached skill level 6 in Conjurations
  1570 | D:2      | Found a faded altar of an unknown god.
  1676 | D:2      | Reached XP level 4. HP: 24/24 MP: 8/10
  1836 | D:2      | Found a shadowy altar of Dithmenos.
  2334 | D:2      | Learned a level 4 spell: Iskenderun's Mystic Blast
  2485 | D:3      | You fall into a shaft and drop 2 floors!
  2485 | D:5      | Entered Level 5 of the Dungeon
  2581 | D:4      | Found a staircase to the Ecumenical Temple.
  2592 | Temple   | Entered the Ecumenical Temple
  2603 | Temple   | Became a worshipper of Vehumet
  2684 | D:4      | Reached skill level 7 in Conjurations
  2684 | D:4      | Reached XP level 5. HP: 26/28 MP: 3/11
  2812 | D:4      | Found Eficod's Distillery.
  2961 | D:4      | Reached skill level 8 in Conjurations
  2961 | D:4      | Reached XP level 6. HP: 32/32 MP: 7/12
  4245 | D:5      | Found Rehu Cau's Weapon Shoppe.
  4309 | D:5      | Reached * piety under Vehumet
  4309 | D:5      | Offered knowledge of Freeze by Vehumet.
  4343 | D:5      | Reached skill level 9 in Conjurations
  4458 | D:5      | Reached XP level 7. HP: 31/36 MP: 6/13
  4885 | D:5      | Slain by a gnoll

Illustrated notes

Levels and vault maps discovered:
D:1:      wander_arrival_peaceful_grave, layout_basic, serial_forest,
          infiniplex_forest_lined_2, infiniplex_forest_clump_tiny,
          infiniplex_forest_clump_diagonal, infiniplex_forest_end_2,
          infiniplex_forest_straight_2
D:2:      layout_rooms, hellmonk_ecumenical_altar_heavens_door, basic_altar,
          hangedman_decor_push, minmay_misc_feat_encased
D:3:      layout_loops_cross, nicolae_elevator_lobby_plus
D:4:      layout_rooms, minmay_temple_entry_waves, portal_sewer_entry_e,
          serial_shops, shop, minivault_5
D:5:      layout_layer_cave, serial_shops, nicolae_stop_n_shop_2, serial_glass,
          glass_columns_a, glass_columns_b
Temple:   mainiacjoe_temple_coin_purse

Skill      XL: |  1  2  3  4  5  6 |
---------------+-------------------+-----
Conjurations   | 5 6 7 8 9 |  9.9
Dodging        | |  2.4
Stealth        | |  2.4
Spellcasting   | |  3.0

Action                     |  1- 3 |  4- 6 |  7- 9 || total
---------------------------+-------+-------+-------++-------
  Melee: Unarmed           |     9 |       |       ||     9
         Punch             |     1 |       |       ||     1
         Trident           |       |     5 |       ||     5
   Cast: Magic Dart        |    78 |    77 |    11 ||   166
         Searing Ray       |       |    13 |     2 ||    15
         Iskenderun's Myst |       |       |     1 ||     1
   Stab: Distracted        |       |     1 |       ||     1
 Armour: Robe              |     8 |    12 |     7 ||    27
  Dodge: Dodged            |    10 |     9 |     5 ||    24

Table legend: (Time is in decaauts)
 A = Elapsed time spent in this place.
 B = Non-inter-level travel time spent in this place.
 C = Inter-level travel time spent in this place.
 D = Time resting spent in this place.
 E = Time spent auto-exploring this place.
 F = Levels seen in this place.
 G = Mean time per level.
                   A        B        C        D        E       F      G
               +--------+--------+--------+--------+--------+-----+--------+
         Total |   4887 |   4728 |    159 |     29 |   4219 |   6 |  814.5 |
       Dungeon |   4866 |   4718 |    148 |     29 |   4218 |   5 |  973.2 |
        Temple |     21 |     11 |     10 |      0 |      1 |   1 |   21.0 |
               +--------+--------+--------+--------+--------+-----+--------+

Top non-repeatable levels by time:
     D:1: 1375 daAuts
     D:2: 992 daAuts
     D:4: 964 daAuts
     D:3: 891 daAuts
     D:5: 643 daAuts
  Temple: 21 daAuts
